 Dungeon Crawl Stone Soup version 0.31-a0-1603-gbec6b6ccbf (webtiles) character file.

Game seed: 1642891232132200196

13864 Zonian the Summoner (level 11, -3/47 HPs)
             Began as a Felid Summoner on Jan 7, 2024.
             Was a Believer of Kikubaaqudgha.
             Slain by a yak (13 damage)
             ... on level 10 of the Dungeon.
             The game lasted 01:56:16 (20538 turns).

Zonian the Summoner (Felid Summoner)               Turns: 20538, Time: 01:56:16

Health: -3/47      AC:  2    Str:  4    XL:     11   Next: 81%
Magic:  19/24      EV: 19    Int: 23    God:    Kikubaaqudgha [**....]
Gold:   234        SH:  0    Dex: 23    Spells: 12/26 levels left
                                        Lives:  0   Deaths: 3

rFire   + . .        (weapon unavailable)
rCold   . . .        (shield unavailable)
rNeg    . . .        (body armour unavailable)
rPois   .            (helmet unavailable)
rElec   .            (cloak unavailable)
rCorr   .            (gloves unavailable)
SInv    +            (boots unavailable)
Will    +....        w - amulet of magic regeneration {@e2}
Stlth   +++          i - +6 ring of dexterity
HPRegen 0.27/turn    b - ring of protection from fire
MPRegen 0.59/turn

%: no passive effects
@: no status effects
A: very small, claws 1, fangs 3, see invisible, shaggy fur 2, stealthy paws, no
weapons or thrown items, no armour, multi-lived
a: Renounce Religion, Unearth Wretches


You were on level 10 of the Dungeon.
You worshipped Kikubaaqudgha.
Kikubaaqudgha was pleased with you.
You visited 2 branches of the dungeon, and saw 11 of its levels.

You collected 612 gold pieces.
You spent 378 gold pieces at shops.


Innate Abilities, Weirdness & Mutations

You have sharp claws.
You have razor-sharp teeth.
You have supernaturally acute eyesight. (SInv)
You are covered in thick fur. (AC +2)
Your paws help you pounce on unaware monsters.
You are incapable of wielding weapons or throwing items.
You cannot wear armour.
You gain extra lives every three experience levels.


   Skills:
 - Level 3.2 Dodging
 - Level 3.3 Stealth
 + Level 8.2 Spellcasting
 + Level 12.3 Summonings
 + Level 6.2 Necromancy
 - Level 7.0 Fire Magic
 - Level 7.0 Air Magic


You had 12 spell levels left.
You knew the following spells:

 Your Spells              Type           Power      Damage    Failure   Level
a - Summon Small Mammal   Summ           100%       N/A       1%          1
b - Call Imp              Summ           100%       N/A       1%          2
c - Call Canine Familiar  Summ           60%        N/A       1%          3
d - Summon Lightning Spi  Summ/Air       52%        N/A       1%          4
e - Summon Blazeheart Go  Fire/Summ      52%        N/A       1%          4

Your spell library contained the following spells:

 Spells                   Type           Power      Damage    Failure   Level
 Kiss of Death            Conj/Necr      92%        2d12      1%          1
 Necrotise                Necr           100%       1d9       1%          1
 Fugue of the Fallen      Necr           38%        N/A       1%          3
 Vampiric Draining        Necr           38%        2d8       1%          3
 Mercury Vapours          Alch/Air       50%        N/A       2%          2
 Inner Flame              Hex/Fire       25%        N/A       4%          3
 Sting                    Conj/Alch      36%        1d5       7%          1
 Sigil of Binding         Hex            9%         N/A       21%         3
 Stone Arrow              Conj/Erth      18%        3d8       21%         3
 Tukima's Dance           Hex            9%         N/A       21%         3
 Olgreb's Toxic Radiance  Alch           9%         N/A       56%         4
 Passage of Golubria      Tloc           9%         N/A       56%         4
 Irradiate                Conj/Alch      4%         3d13      88%         5
 Yara's Violent Unravell  Hex/Alch       4%         3d4       88%         5
 Ignition                 Fire           20%        3d7       100%        8
 Lehudib's Crystal Spear  Conj/Erth      4%         10d3      100%        8
 Chain Lightning          Conj/Air       12%        3d16      100%        9
 Fire Storm               Conj/Fire      12%        8d3       100%        9
 Shatter                  Erth           4%         3d8*      100%        9
 Animate Armour           Summ/Erth      Unusable   N/A       N/A         4
 Dimensional Bullseye     Hex/Tloc       Unusable   N/A       N/A         4

Inventory:

Jewellery
 b - a ring of protection from fire (right paw)
   (You found it on level 6 of the Dungeon)
 e - a ring of fire
   (You found it on level 1 of the Dungeon)
 g - an amulet of faith {!P}
   (You found it on level 1 of the Dungeon)
 i - a +6 ring of dexterity (left paw)
   (You found it on level 2 of the Dungeon)
 w - an amulet of magic regeneration (around neck) {@e2}
   (You bought it in a shop on level 9 of the Dungeon)
 y - a ring of fire
   (You found it on level 10 of the Dungeon)
Wands
 u - a wand of polymorph (4)
   (You found it on level 8 of the Dungeon)
Scrolls
 d - 2 scrolls of poison {!r}
 h - 2 scrolls of fog
 o - 2 scrolls of teleportation {@r4}
 p - 3 scrolls of vulnerability {!r!r}
 q - 7 scrolls of identify {@r1}
 r - a scroll of revelation
 s - a scroll of silence {!r}
 v - a scroll of enchant weapon
 z - a scroll of fear
Potions
 a - a potion of magic
 c - a potion of resistance
 f - 4 potions of enlightenment
 j - 2 potions of heal wounds {@q2}
 k - a potion of berserk rage {!q}
 l - 5 potions of might
 m - 2 potions of curing {@q1}
 n - 2 potions of cancellation
 t - a potion of lignification {!q}
 x - a potion of brilliance

Dungeon Overview and Level Annotations

Branches:
Dungeon (10/15) Zot: 25901  Temple (1/1) D:5 Zot: 5915    Lair (0/5) D:10
    Orc: D:9-12

Altars:
Ashenzari
Cheibriados
Dithmenos
Elyvilon
Fedhas
Gozag
Hepliaklqana
Kikubaaqudgha
Makhleb
Nemelex Xobeh
Okawaru
Qazlal
Ru
Sif Muna
Trog
Uskayaw
Vehumet
Wu Jian
Xom
Yredelemnul
Zin
The Shining One
Ignis

Shops:
D:5 :   D:9 =   D:10 *

Annotations:
D:3 Sigmund
D:6 Jeremiah
D:7 Maurice
D:8 1 runed translucent door, Gastronok
D:9 Amaemon

.....................##.#
.....#...#...#...#....#..
....#.#...#(#...#(#.......
...#...#...#)).#...#.......
............................
.....#.).#.).#..)#..........
....#.#...#.#...#.#.........
...#...#...#...#...#.....>.#
................@Y........##
#......####......○☼§........
........##....#..○☼YY.......
....##...........☼Y☼Y.8.....
....#####.........#.Y.......
...## ##....o....#..Y....#.
....####..................#
.............#.#.....>...#..
............##...........# .


You could see an orc knight, 7 yaks and a friendly lightning spire (summoned).


Message History

Confirm with . or Enter, or press ? or * to list all spells.
You call for your canine familiar and it appears with a howl!
The yak bellows!
You hear a bellow!
A yak comes into view. 😎 MP[-3]
You lost 3 mp, and now have 21/24 mp.
Unknown command.
Casting: Call Canine Familiar (safe; 1% risk of failure)
Confirm with . or Enter, or press ? or * to list all spells.
An electric hum fills the air.
A yak comes into view. x2 😎 MP[-3]
You lost 3 mp, and now have 18/24 mp.
Unknown command.
Casting: Summon Lightning Spire (dangerous; 1% risk of failure)
Confirm with . or Enter, or press ? or * to list all spells.
A fiery spirit appears, bound in slag iron.
A yak comes into view.
Your inugami hits the yak! 😎 MP[-3]
You lost 3 mp, and now have 15/24 mp.
Unknown command.
Unknown command.
Your lightning spire shoots out a bolt of lightning at the yak!
The bolt of electricity hits the yak! 😎 MP[+1] Unknown command.
Your lightning spire shoots out a bolt of lightning at the yak!
The bolt of electricity hits the yak!
The yak dies!
Kikubaaqudgha accepts your kill.
Unknown command.
A yak comes into view. 😎 MP[+1] Unknown command.
Casting: Summon Blazeheart Golem (dangerous; 1% risk of failure)
Confirm with . or Enter, or press ? or * to list all spells.
You imbue your familiar with magical energy and its fangs glint viciously.
A yak comes into view. x2
The yak gores your blazeheart golem. 😎 MP[-2]
You lost 2 mp, and now have 15/24 mp.
Unknown command.
What are your orders? t - Meow!
Orders for allies: a - Attack new target. r - Retreat! s - Stop attacking. g - Guard the area. f - Follow me.
Anything else - Cancel.
Gang up on whom?
Press: ? - help, Dir - move target, f - yak
Aim: a yak
Okay, then.
The yak gores your blazeheart golem!
Your blazeheart golem punches the yak!
Unknown command.
The orc knight throws a stone.
The stone closely misses you.
A yak comes into view.
The yak gores your blazeheart golem but does no damage. 😎 MP[+1] Unknown command.
The orc knight throws a stone.
The stone hits you! The yak gores your blazeheart golem.
Your blazeheart golem barely misses the yak. 😮 HP[-13]
You take 13 damage, and now have 34/47 hp.
MASSIVE DAMAGE!! (PAUSE)
The yak gores your inugami! The yak gores your blazeheart golem!
Your inugami hits the yak. 😮 HP[+1] MP[+1] Unknown command.
The yak gores you!
The orc knight throws a stone.
The stone hits you!
* * * LOW HITPOINT WARNING * * *
The yak misses your inugami.
Your blazeheart golem punches the yak!!
Your inugami hits the yak. 😨 HP[-18] MP[+1]
You take 18 damage, and now have 17/47 hp.
MASSIVE DAMAGE!! (PAUSE)
The yak gores you!
* * * LOW HITPOINT WARNING * * *
The yak gores your blazeheart golem!
Your blazeheart golem falls apart, revealing its core!
The yak closely misses your blazeheart core.
The orc knight throws a stone.
The stone completely misses you. The yak completely misses your inugami.
Your inugami barely misses the yak. 😱 HP[-7]
You take 7 damage, and now have 10/47 hp.
Unknown command.
The fiery explosion engulfs your inugami!!
The fiery explosion engulfs the yak!!
The fiery explosion engulfs the yak!
The fiery explosion engulfs the yak!!
The fiery explosion engulfs the yak!!!
You kill the yak!
Kikubaaqudgha accepts your kill.
The fiery explosion engulfs the yak!!
You kill the yak!
Kikubaaqudgha accepts your kill.
Your inugami disappears in a puff of smoke!
The yak is engulfed in blazing flames.
The yak attacks as it pursues you! The yak gores you!
You die...
Kikubaaqudgha rasps: "You have failed me!
Welcome... death!"

Skill      XL: |  1  2  3  4  5  6  7  8  9 10 11 |
---------------+----------------------------------+-----
Stealth        | 3 |  3.3
Dodging        | 3 |  3.2
Spellcasting   | 3 4 5 6 8 |  8.2
Summonings     | 5 6 7 8 10 11 12 | 12.3
Air Magic      | 2 4 5 6 7 |  7.0
Fire Magic     | 3 5 6 7 |  7.0
Necromancy     | 4 6 |  6.2

Action                     |  1- 3 |  4- 6 |  7- 9 | 10-12 || total
---------------------------+-------+-------+-------+-------++-------
  Melee: Unarmed           |    40 |    25 |    70 |    52 ||   187
         Bite              |       |     1 |    11 |    12 ||    24
         Punch             |       |       |     4 |       ||     4
   Cast: Summon Small Mamm |    74 |    13 |    22 |       ||   109
         Call Imp          |    12 |    12 |    19 |       ||    43
         Call Canine Famil |       |    27 |    84 |    94 ||   205
         Summon Lightning  |       |       |    18 |    30 ||    48
         Summon Blazeheart |       |       |     7 |    33 ||    40
  Evoke: Wand              |       |     1 |    27 |    10 ||    38
    Use: Scroll            |     2 |     9 |    10 |     6 ||    27
         Potion            |       |     1 |     5 |     3 ||     9
   Stab: Sleeping          |     4 |       |       |       ||     4
         Distracted        |       |     1 |     2 |     1 ||     4
         Paralysed         |       |       |     1 |       ||     1
         Invisible         |       |       |       |     1 ||     1
 Armour: Skin              |     9 |    17 |    81 |    58 ||   165
  Dodge: Dodged            |    48 |    38 |   195 |   110 ||   391

Levels and vault maps discovered:
D:1:      sevenhm_arrival_forest_fort_large_2, layout_loops_cross,
          ebering_dispersal_statue_hall, kennysheep_minor_cross,
          hangedman_decor_points
D:2:      layout_basic
D:3:      layout_rooms, mainiacjoe_overflow_alcove_4, uniq_sigmund
D:4:      layout_basic, mainiacjoe_overflow_paths, grunt_decor_resistance,
          uniq_menkaure, uniq_duvessa
D:5:      layout_layer_cave, mainiacjoe_overflow_small_starburst,
          minmay_temple_entry_hall, serial_shops,
          nicolae_shop_just_a_little_nook, goddamned_bats
D:6:      layout_basic, trog_ov_bears_minmay, okawaru_gym_becter, uniq_jeremiah
D:7:      layout_loops_ring, uniq_maurice
D:8:      minmay_flawed_box, layout_basic, dk_yredelemnul_ordeal,
          gammafunk_temple_overflow_claw, uniq_gastronok, uniq_psyche
D:9:      layout_gridville, nicolae_overflow_hidden_temple, serial_shops, shop,
          uniq_amaemon, uniq_maggie
D:10:     cheibrodos_fzero, layout_cave_pools, serial_shops, kennysheep_mini,
          enter_bailey_3, grunt_ministairs_6, hangedman_incinerator
Temple:   ebering_untended_altars

Notes
Turn   | Place    | Note
-------+----------+-------------------------------------------
     0 | D:1      | Zonian the Felid Summoner began the quest for the Orb.
     0 | D:1      | Reached XP level 1. HP: 9/9 MP: 4/4
     0 | D:1      | magus.rc [v1.9.6]
   117 | D:1      | Reached skill level 3 in Stealth
   180 | D:1      | Reached skill level 3 in Dodging
   180 | D:1      | Reached XP level 2. HP: 13/13 MP: 3/6
   770 | D:1      | You pick up a book of Annihilations and begin reading...
   770 | D:1      | You add the spells Chain Lightning, Fire Storm and Shatter
                  | to your library.
  1151 | D:1      | You pick up a book of Armaments and begin reading...
  1151 | D:1      | You add the spells Stone Arrow and Lehudib's Crystal Spear
                  | to your library.
  1427 | D:2      | You pick up a book of Spontaneous Combustion and begin
                  | reading...
  1427 | D:2      | You add the spells Inner Flame, Irradiate and Ignition to
                  | your library.
  1571 | D:2      | Learned a level 2 spell: Call Imp
  1813 | D:2      | Reached XP level 3. HP: 16/16 MP: 2/7
  2625 | D:3      | Noticed Sigmund
  2703 | D:3      | Learned a level 3 spell: Call Canine Familiar
  2830 | D:3      | Reached XP level 4. HP: 21/21 MP: 4/9
  2830 | D:3      | Gained a life (2 lives remaining)
  2847 | D:3      | Reached skill level 3 in Spellcasting
  2943 | D:3      | You add the spells Sting, Mercury Vapours and Olgreb's
                  | Toxic Radiance to your library.
  3000 | D:3      | You pick up a book of Armaments and begin reading...
  3173 | D:3      | Found a glowing golden altar of the Shining One.
  3543 | D:4      | Noticed a scorpion
  3548 | D:4      | Found a shimmering blue altar of Sif Muna.
  3559 | D:4      | Killed a scorpion
  3560 | D:4      | Reached skill level 5 in Summonings
  3560 | D:4      | Reached XP level 5. HP: 20/24 MP: 8/11
  3743 | D:4      | magus.rc [v1.9.6]
  3848 | D:3      | magus.rc [v1.9.6]
  4266 | D:4      | Reached skill level 4 in Spellcasting
  4527 | D:4      | Gained mutation: You are covered in thick fur. (AC +2)
                  | [Felid growth]
  4527 | D:4      | Reached XP level 6. HP: 28/28 MP: 7/13
  4660 | D:4      | Noticed Duvessa
  4684 | D:4      | Killed Duvessa
  4685 | D:4      | Reached skill level 6 in Summonings
  4868 | D:4      | Noticed Dowan
  4879 | D:4      | Killed Dowan
  5269 | D:4      | Noticed Menkaure
  5280 | D:4      | Killed Menkaure
  5281 | D:4      | Reached skill level 5 in Spellcasting
  5281 | D:4      | Reached XP level 7. HP: 18/32 MP: 1/15
  5578 | D:5      | Entered Level 5 of the Dungeon
  5637 | D:5      | Found a staircase to the Ecumenical Temple.
  5747 | Temple   | Entered the Ecumenical Temple
  5850 | D:5      | Learned a level 4 spell: Summon Lightning Spire
  6266 | D:5      | Found Biciach's Book Shop.
  6737 | D:5      | Reached skill level 1 in Air Magic
  6973 | D:5      | Reached skill level 7 in Summonings
  7270 | D:5      | Reached skill level 2 in Air Magic
  7391 | D:5      | Found an opulent altar of Gozag.
  8023 | D:5      | Reached XP level 8. HP: 36/36 MP: 9/17
  8051 | D:5      | Reached skill level 6 in Spellcasting
  8935 | D:5      | Upgraded the game from 0.31-a0-1591-g515db51633 to
                  | 0.31-a0-1603-gbec6b6ccbf
  8935 | D:5      | magus.rc [v1.9.6]
  8940 | D:5      | Learned a level 4 spell: Summon Blazeheart Golem
  8978 | D:6      | Found a bloodstained altar of Trog.
  9047 | D:6      | Reached skill level 3 in Air Magic
  9051 | D:6      | Reached skill level 1 in Fire Magic
  9291 | D:6      | Noticed Jeremiah
  9496 | D:6      | Found an iron altar of Okawaru.
  9658 | D:6      | Reached skill level 8 in Summonings
  9674 | D:6      | HP: 4/34 [wight/+2 falchion (9)]
  9675 | D:6      | Reached skill level 2 in Fire Magic
  9764 | D:6      | You pick up a book of the Hunter and begin reading...
 10135 | D:6      | Reached skill level 4 in Air Magic
 10378 | D:6      | Reached skill level 3 in Fire Magic
 10378 | D:6      | Reached XP level 9. HP: 35/39 MP: 6/19
 10959 | D:6      | Noticed a two-headed ogre
 10982 | D:6      | Killed a two-headed ogre
 10983 | D:6      | Reached skill level 9 in Summonings
 10983 | D:6      | Reached skill level 4 in Fire Magic
 10983 | D:6      | Reached skill level 5 in Air Magic
 11772 | D:7      | Noticed Maurice
 12150 | D:7      | Reached skill level 5 in Fire Magic
 12688 | D:7      | HP: 1/39 [Maurice/bolt of acid (17)]
 12982 | D:7      | Reached skill level 10 in Summonings
 13662 | D:8      | Noticed Psyche
 14266 | D:8      | Noticed Gastronok
 14306 | D:8      | Found an ancient bone altar of Kikubaaqudgha.
 14306 | D:8      | Found an ornate altar of the Wu Jian Council.
 14307 | D:8      | Found a blossoming altar of Fedhas.
 14313 | D:8      | Became a worshipper of Kikubaaqudgha
 14639 | D:8      | Reached XP level 10. HP: 39/44 MP: 13/20
 14647 | D:8      | HP: 10/44 [poisoned by a killer bee]
 14652 | D:8      | HP: 6/44 [poisoned by a killer bee]
 14658 | D:8      | Slain by a killer bee
 14658 | D:8      | Lost a life (1 life remaining)
 14705 | D:8      | magus.rc [v1.9.6]
 14716 | D:8      | Reached skill level 1 in Necromancy
 15175 | D:8      | Found a runed translucent door.
 15179 | D:8      | Found a basalt altar of Yredelemnul.
 15571 | D:8      | Killed Psyche
 15952 | D:9      | You add the spells Tukima's Dance, Passage of Golubria and
                  | Yara's Violent Unravelling to your library.
 15966 | D:9      | Reached skill level 2 in Necromancy
 16140 | D:9      | Found Qiriub's Jewellery Shoppe.
 16406 | D:9      | Reached * piety under Kikubaaqudgha
 16406 | D:9      | You add the spells Kiss of Death, Necrotise, Fugue of the
                  | Fallen and Vampiric Draining to your library.
 16406 | D:9      | Received a gift from Kikubaaqudgha
 16635 | D:9      | Bought an amulet of magic regeneration for 330 gold pieces
 16728 | D:9      | Reached skill level 11 in Summonings
 16850 | D:9      | Noticed an orange demon
 16877 | D:9      | Reached skill level 3 in Necromancy
 16883 | D:9      | Killed an orange demon
 16884 | D:9      | Reached skill level 6 in Fire Magic
 16884 | D:9      | Reached skill level 6 in Air Magic
 16891 | D:9      | HP: 11/44 [poisoned by an orange demon]
 17061 | D:9      | Noticed Amaemon
 17379 | D:9      | Reached ** piety under Kikubaaqudgha
 17763 | D:9      | Noticed Maggie
 17781 | D:9      | Killed Maggie
 17782 | D:9      | Reached skill level 4 in Necromancy
 17966 | D:9      | Found a shimmering altar of Xom.
 18057 | D:10     | Entered Level 10 of the Dungeon
 18063 | D:10     | Noticed a sixfirhy
 18074 | D:10     | Noticed a rust devil
 18076 | D:10     | Reached XP level 11. HP: 47/47 MP: 8/22
 18076 | D:10     | Gained a life (2 lives remaining)
 18081 | D:10     | Reached skill level 7 in Spellcasting
 18086 | D:10     | Paralysed by a hornet for 3 turns
 19243 | D:10     | Noticed a cyan ugly thing
 19357 | D:10     | Noticed a two-headed ogre
 19358 | D:10     | Slain by a cyan ugly thing
 19358 | D:10     | Lost a life (1 life remaining)
 19436 | D:10     | HP: 6/47 [two-headed ogre/+0 giant spiked club (27)]
 19439 | D:10     | Mangled by a two-headed ogre
 19439 | D:10     | Lost a life (0 lives remaining)
 19456 | D:10     | Noticed a two-headed ogre
 19465 | D:10     | Killed a two-headed ogre
 19466 | D:10     | Reached skill level 5 in Necromancy
 19466 | D:10     | Reached skill level 7 in Fire Magic
 19466 | D:10     | Reached skill level 7 in Air Magic
 19481 | D:10     | Killed a two-headed ogre
 19516 | D:10     | Noticed a seven-headed hydra
 19611 | D:10     | Noticed a two-headed ogre
 19620 | D:10     | Killed a two-headed ogre
 19621 | D:10     | Reached skill level 12 in Summonings
 19705 | D:10     | Killed a seven-headed hydra
 19706 | D:10     | Reached skill level 8 in Spellcasting
 19706 | D:10     | Reached skill level 6 in Necromancy
 20179 | D:10     | Killed a cyan ugly thing
 20295 | D:10     | Found Zigosm's General Store.
 20303 | D:10     | Bought a scroll of fear for 48 gold pieces
 20486 | D:10     | Noticed an orc knight
 20517 | D:10     | Found a staircase to the Lair.
 20537 | D:10     | HP: 10/47 [yak (7)]
 20538 | D:10     | Slain by a yak

Vanquished Creatures
  A hydra (D:10)
  An orange demon (D:9)
  2 kobold demonologists (D:9)
  A hornet (D:10)
  4 yaks
  A steam dragon (D:9)
  An orc warrior (D:9)
  2 kobold brigands
  A scorpion (D:6)
  Dowan (D:4)
  A killer bee (D:8)
  A vampire bat (D:5)
  2 orc wizards
  2 gnolls
  An adder (D:6)
  A bat (D:5)
  A spectral bat (D:5)
  A bat skeleton (D:5)
  A bat zombie (D:5)
  An endoplasm (D:2)
  A goblin (D:4)
  4 hobgoblins
  A jackal (D:4)
  5 kobolds
  2 ball pythons
  A bat simulacrum (D:5)
  A frilled lizard (D:2)
  2 rats
44 creatures vanquished.

Vanquished Creatures (collateral kills)
  4 two-headed ogres
  An ugly thing (D:10)
  Maggie (D:9)
  3 kobold demonologists (D:10)
  Psyche (D:8)
  A troll (D:10)
  A wraith (D:9)
  14 yaks
  A shadow (D:10)
  A wyvern (D:9)
  A steam dragon (D:7)
  Menkaure (D:4)
  2 acid dragons
  Duvessa (D:4)
  4 black bears
  A sky beast (D:7)
  3 orc warriors
  An ice beast (D:6)
  3 ogres (D:5)
  3 centaurs
  3 kobold brigands
  A bullfrog (D:8)
  A gnoll sergeant (D:9)
  4 scorpions
  9 wights
  7 killer bees
  6 howler monkeys (D:9)
  A bombardier beetle (D:6)
  2 jellies
  A human zombie (D:8)
  7 orc priests
  A sleepcap (D:5)
  A gnoll bouda (D:6)
  20 orc wizards
  10 gnolls
  3 adders
  4 white imps
  2 ufetubi (D:6)
  2 dart slugs
  3 fire bats (D:5)
  A ribbon worm (D:2)
  37 orcs
  A spectral bat (D:5)
  2 bat skeletons (D:5)
  5 endoplasms
  2 giant cockroaches
  6 goblins
  4 hobgoblins
  4 jackals
  2 quokkas
  5 ball pythons
  10 bats
  2 frilled lizards (D:1)
  26 kobolds
  4 rats
247 creatures vanquished.

Vanquished Creatures (others)
  A hound (D:6)
  A bat (D:5)
  13 blazeheart cores
15 creatures vanquished.

Grand Total: 306 creatures vanquished

Table legend:
 A = Non-vault XP
 B = Vault XP
 C = Vault XP percentage of total XP
 D = Non-vault monster count
 E = Vault monster count
 F = Vault count percentage of total count
                 A         B        C        D         E       F
            +---------+---------+-------+---------+---------+-------
      Total |   10656 |    9562 |  47.3 |     231 |      62 |  21.2
            +---------+---------+-------+---------+---------+-------
        D:1 |      35 |       0 |   0.0 |      23 |       0 |   0.0
        D:2 |      39 |       0 |   0.0 |       9 |       0 |   0.0
        D:3 |      71 |       0 |   0.0 |      20 |       0 |   0.0
        D:4 |     372 |     387 |  51.0 |      27 |       3 |  10.0
        D:5 |     845 |     178 |  17.4 |      22 |      20 |  47.6
        D:6 |    1847 |     261 |  12.4 |      23 |       2 |   8.0
        D:7 |     771 |       0 |   0.0 |      20 |       0 |   0.0
        D:8 |    1011 |     670 |  39.9 |      28 |      11 |  28.2
        D:9 |    3978 |    1717 |  30.1 |      46 |       5 |   9.8
       D:10 |    1687 |    6349 |  79.0 |      13 |      21 |  61.8
            +---------+---------+-------+---------+---------+-------

Skill      XL: |  1  2  3  4  5  6  7  8  9 10 11 |
---------------+----------------------------------+-----
Stealth        | 3 |  3.3
Dodging        | 3 |  3.2
Spellcasting   | 3 4 5 6 8 |  8.2
Summonings     | 5 6 7 8 10 11 12 | 12.3
Air Magic      | 2 4 5 6 7 |  7.0
Fire Magic     | 3 5 6 7 |  7.0
Necromancy     | 4 6 |  6.2

Action                     |  1- 3 |  4- 6 |  7- 9 | 10-12 || total
---------------------------+-------+-------+-------+-------++-------
  Melee: Unarmed           |    40 |    25 |    70 |    52 ||   187
         Bite              |       |     1 |    11 |    12 ||    24
         Punch             |       |       |     4 |       ||     4
   Cast: Summon Small Mamm |    74 |    13 |    22 |       ||   109
         Call Imp          |    12 |    12 |    19 |       ||    43
         Call Canine Famil |       |    27 |    84 |    94 ||   205
         Summon Lightning  |       |       |    18 |    30 ||    48
         Summon Blazeheart |       |       |     7 |    33 ||    40
  Evoke: Wand              |       |     1 |    27 |    10 ||    38
    Use: Scroll            |     2 |     9 |    10 |     6 ||    27
         Potion            |       |     1 |     5 |     3 ||     9
   Stab: Sleeping          |     4 |       |       |       ||     4
         Distracted        |       |     1 |     2 |     1 ||     4
         Paralysed         |       |       |     1 |       ||     1
         Invisible         |       |       |       |     1 ||     1
 Armour: Skin              |     9 |    17 |    81 |    58 ||   165
  Dodge: Dodged            |    48 |    38 |   195 |   110 ||   391

Illustrated notes

Table legend:
 A = Kills in this place as a percentage of kills in the entire game.
 B = Kills by you in this place as a percentage of kills by you in the entire game.
 C = Kills by friends in this place as a percentage of kills by friends in the entire game.
 D = Other kills in this place as a percentage of other kills in the entire game.
 E = Experience gained in this place as a percentage of experience gained in the entire game.
 F = Experience gained in this place divided by the number of levels of this place that you have seen.
                   A       B       C       D       E      F
               +-------+-------+-------+-------+-------+----------------------
         Total | 100.0 | 100.0 | 100.0 | 100.0 | 100.0 | 1838.0
       Dungeon | 100.0 | 100.0 | 100.0 | 100.0 | 100.0 | 2021.8
               +-------+-------+-------+-------+-------+----------------------

Table legend: (Time is in decaauts)
 A = Elapsed time spent in this place.
 B = Non-inter-level travel time spent in this place.
 C = Inter-level travel time spent in this place.
 D = Time resting spent in this place.
 E = Time spent auto-exploring this place.
 F = Levels seen in this place.
 G = Mean time per level.
                   A        B        C        D        E       F      G
               +--------+--------+--------+--------+--------+-----+--------+
         Total |  20552 |  20073 |    479 |   9326 |   6053 |  11 | 1868.4 |
       Dungeon |  20467 |  19988 |    479 |   9326 |   6053 |  10 | 2046.7 |
        Temple |     84 |     84 |      0 |      0 |      0 |   1 |   84.0 |
               +--------+--------+--------+--------+--------+-----+--------+

Top non-repeatable levels by time:
     D:5: 3283 daAuts
     D:9: 3099 daAuts
     D:8: 2926 daAuts
     D:6: 2548 daAuts
     D:4: 2258 daAuts
     D:7: 1533 daAuts
     D:1: 1378 daAuts
     D:2: 1316 daAuts
    D:10: 1274 daAuts
     D:3: 848 daAuts
  Temple: 84 daAuts
